 Dungeon Crawl Stone Soup version 0.25-a0-561-g0977b4d109 (webtiles) character file.

Game seed: 10797649101656768405, levelgen mode: deterministic

35058 Flugslaktarn the Severer (level 13, -4/117 HPs)
             Began as a Minotaur Fighter on Feb 25, 2020.
             Was a High Priest of Makhleb.
             Slain by an eight-headed hydra (10 damage)
             ... on level 15 of the Dungeon.
             The game lasted 00:08:32 (11968 turns).

Flugslaktarn the Severer (Minotaur Fighter)        Turns: 11968, Time: 00:08:32

Health: -4/117     AC: 19    Str: 27    XL:     13   Next: 45%
Magic:  19/19      EV:  8    Int:  5    God:    Makhleb [*****.]
Gold:   1330       SH: 13    Dex:  9    Spells: 12/12 levels left

rFire    . . .     SeeInvis .   A - +0 broad axe (flame)
rCold    . . .     Gourm    .   c - +0 kite shield
rNeg     . . .     Faith    .   n - +1 chain mail
rPois    +         Spirit   .   u - +1 hat
rElec    .         Reflect  .   (no cloak)
rCorr    .         Harm     .   x - +0 pair of gloves
MR       +....                  g - +2 pair of boots
Stlth    ..........             (no amulet)
HPRegen  0.29/turn              o - ring of poison resistance
MPRegen  0.16/turn              m - ring of protection from magic

@: lightly drained
A: retaliatory headbutt, horns 2
a: Minor Destruction, Lesser Servant of Makhleb, Major Destruction, Greater
Servant of Makhleb, Renounce Religion


You were on level 15 of the Dungeon.
You worshipped Makhleb.
Makhleb was extremely pleased with you.
You were hungry.

You visited 1 branch of the dungeon, and saw 15 of its levels.

You collected 1738 gold pieces.
You spent 408 gold pieces at shops.

Inventory:

Hand Weapons
 b - a +7 vampiric broad axe
   (You bought it in a shop on level 4 of the Dungeon)
 A - a +0 broad axe of flaming (weapon)
   (You found it on level 12 of the Dungeon)
Missiles
 F - 2 throwing nets (quivered)
Armour
 c - a +0 kite shield (worn)
 g - a +2 pair of boots (worn)
   (You found it on level 1 of the Dungeon)
 n - a +1 chain mail (worn)
   (You found it on level 4 of the Dungeon)
 u - a +1 hat (worn)
   (You took it off Gastronok on level 9 of the Dungeon)
 x - a +0 pair of gloves (worn)
   (You found it on level 13 of the Dungeon)
Jewellery
 m - a ring of protection from magic (right hand)
   (You found it on level 8 of the Dungeon)
 o - a ring of poison resistance (left hand)
   (You found it on level 4 of the Dungeon)
 z - a +3 ring of strength {unknown}
   (You found it on level 15 of the Dungeon)
Wands
 v - a wand of digging (14)
   (You found it on level 8 of the Dungeon)
 y - a wand of acid (6)
   (You found it on level 9 of the Dungeon)
 G - a wand of enslavement (9)
   (You took it off a crimson imp on level 13 of the Dungeon)
Scrolls
 f - 5 scrolls of teleportation
 j - a scroll of enchant armour
 k - 2 scrolls of fog
 r - a scroll of identify
 t - 7 scrolls of remove curse
 B - a scroll of fear {unknown}
Potions
 a - 2 potions of invisibility
 d - 5 potions of might
 h - 3 potions of stabbing
 i - 2 potions of flight
 l - 2 potions of cancellation
 p - 2 potions of berserk rage
 q - 5 potions of curing
 s - a potion of mutation
 w - 4 potions of heal wounds
 C - a potion of haste {unknown}
 D - a potion of brilliance
 E - 2 potions of lignification
Comestibles
 e - 24 rations


   Skills:
 + Level 11.8(11.7) Fighting
 * Level 15.6(15.5) Axes
 + Level 12.0(11.9) Armour
 + Level 11.8 Shields
 + Level 9.4 Invocations


You had 12 spell levels left.
You didn't know any spells.
Your spell library was empty.

Dungeon Overview and Level Annotations

Branches:
Dungeon (15/15)            Temple (0/1) D:7            Lair (0/6) D:10
    Orc (0/2) D:9          Vaults (0/5) D:14
 Depths: D:15

Altars:
Ashenzari
Dithmenos
Hepliaklqana
Makhleb
Okawaru
Xom
Yredelemnul

Shops:
D:4 *   D:6 [   D:9 (   D:14 :

Annotations:
D:4 exclusion: 2 goblins
D:7 Prince Ribbit


Innate Abilities, Weirdness & Mutations

You reflexively headbutt those who attack you in melee.
You have a pair of horns on your head.


Message History

* * * LOW HITPOINT WARNING * * *
The nine-headed hydra bites you but does no damage. x3
The nine-headed hydra barely misses you.
You block the nine-headed hydra's attack.
The nine-headed hydra bites you but does no damage.
The nine-headed hydra barely misses you.
You lop one of the nine-headed hydra's heads off!
The flame cauterises the wound!
You slash the eight-headed hydra! You burn the eight-headed hydra.
The eight-headed hydra is almost dead.
You block the eight-headed hydra's attack.
The eight-headed hydra bites you!
* * * LOW HITPOINT WARNING * * *
The eight-headed hydra bites you but does no damage.
You block the eight-headed hydra's attack.
The eight-headed hydra bites you but does no damage.
The eight-headed hydra bites you.
* * * LOW HITPOINT WARNING * * *
The eight-headed hydra bites you!
You die...

#.. #..### .#
#..#.. #.# #..#.#
#.# #..#.# #.#
#..#.# # #.#
#..#.#####.####.#
#.O.......hD@...#
##h#D#####o###..#
#....<......#..#
#...o..##.#.#..#
.............
#..##
..############
#<..# .. #.### .
#.# #.#


You could see an eight-headed hydra, an orc knight and a warg.

Vanquished Creatures
  Gastronok (D:9)
  Josephine (D:14)
  Erolcha (D:13)
  A vault guard (D:14)
  A centaur warrior (D:9)
  A tengu warrior (D:9)
  4 two-headed ogres
  Sonja (D:12)
  4 unseen horrors
  A glowing orange brain (D:9)
  A deep elf archer (D:9)
  A wizard (D:14)
  4 cyclopes
  2 deep elf magi
  2 manticores
  An ugly thing (D:12)
  A centaur zombie (D:11)
  Psyche (D:11)
  A spiny frog (shapeshifter) (D:13)
  A gargoyle (D:14)
  A kobold demonologist (D:14)
  A komodo dragon (D:13)
  A harpy zombie (D:14)
  5 trolls
  A merfolk (D:9)
  A meliai (D:14)
  10 slime creatures
  4 hippogriffs
  3 centaur simulacra (D:14)
  A vampire (D:14)
  11 yaks
  4 hungry ghosts
  4 wraiths
  3 wyverns
  A vampire mosquito (D:14)
  2 soldier ants
  3 wargs (D:9)
  10 orc warriors
  4 ice beasts
  A sky beast (D:10)
  2 black bears (D:9)
  A necrophage (D:9)
  7 ogres
  A phantom (D:4)
  An eye of draining (D:13)
  5 centaurs
  A crocodile (D:11)
  11 bullfrogs
  2 wyvern zombies
  A wyvern skeleton (D:10)
  4 scorpions
  20 killer bees
  9 wights
  6 howler monkeys
  8 crimson imps
  3 bullfrog zombies
  5 jellies
  2 quasits
  12 orc priests
  5 hounds
  6 centaur skeletons
  An iguana (D:6)
  20 worker ants
  15 orc wizards
  A hound skeleton (D:10)
  2 worker ant zombies
  3 gnolls (D:5)
  5 adders
  2 shadow imps
  2 oozes
  3 adder zombies
  2 worms
  4 leopard geckos
  48 orcs
  A ball python (D:5)
  2 bats
  5 giant cockroaches
  A goblin (D:1)
  3 hobgoblins
  9 jackals
  6 kobolds
  5 quokkas
  5 frilled lizards
  A quokka skeleton (D:4)
  A rat (D:2)
361 creatures vanquished.

Vanquished Creatures (collateral kills)
  A hydra (D:14)
  An acid dragon (D:14)
2 creatures vanquished.

Vanquished Creatures (others)
  An orc wizard (D:7)
1 creature vanquished.

Grand Total: 364 creatures vanquished

Notes
Turn   | Place    | Note
-------+----------+-------------------------------------------
     0 | D:1      | Flugslaktarn the Minotaur Fighter began the quest for the
                  | Orb.
     0 | D:1      | Reached XP level 1. HP: 19/19 MP: 0/0
   292 | D:1      | Reached XP level 2. HP: 25/27 MP: 1/1
   413 | D:2      | Reached skill level 3 in Axes
   519 | D:2      | Found a shadowy altar of Dithmenos.
   550 | D:2      | Found a hazy altar of Hepliaklqana.
   641 | D:3      | Found a burning altar of Makhleb.
   650 | D:3      | Reached XP level 3. HP: 30/33 MP: 2/2
   656 | D:3      | Became a worshipper of Makhleb the Destroyer
   763 | D:4      | Found Tuekub's General Store.
   903 | D:4      | Noticed a phantom
   908 | D:4      | Reached XP level 4. HP: 40/40 MP: 3/3
   925 | D:4      | Killed a phantom
   925 | D:4      | Reached skill level 4 in Axes
   925 | D:4      | Reached skill level 1 in Invocations
   925 | D:4      | Reached XP level 5. HP: 36/47 MP: 4/4
  1365 | D:4      | Reached XP level 6. HP: 33/53 MP: 6/6
  1602 | D:4      | Reached skill level 5 in Axes
  1610 | D:4      | Reached skill level 5 in Fighting
  1769 | D:4      | Found a basalt altar of Yredelemnul.
  1826 | D:4      | Found an iron altar of Okawaru.
  1898 | D:5      | Entered Level 5 of the Dungeon
  1915 | D:5      | Reached skill level 5 in Armour
  2031 | D:5      | Reached skill level 5 in Shields
  2143 | D:5      | Reached XP level 7. HP: 61/61 MP: 7/7
  2315 | D:5      | Reached * piety under Makhleb
  2317 | D:5      | Reached skill level 6 in Axes
  3133 | D:6      | Reached XP level 8. HP: 70/70 MP: 9/9
  3155 | D:6      | Reached skill level 7 in Axes
  3459 | D:6      | Found Fovets's Armour Boutique.
  3617 | D:6      | Found a shimmering altar of Xom.
  3682 | D:6      | Reached skill level 8 in Axes
  3821 | D:6      | Reached ** piety under Makhleb
  3974 | D:7      | Reached XP level 9. HP: 57/78 MP: 11/11
  4195 | D:7      | Reached skill level 9 in Axes
  4391 | D:7      | Noticed Prince Ribbit
  4698 | D:7      | Found a staircase to the Ecumenical Temple.
  4960 | D:8      | Identified a scroll of acquirement
  4960 | D:8      | Identified the ring of the Pariah {*Slow rN+ rCorr Str+3
                  | Slay+2} (You acquired it on level 8 of the Dungeon)
  5118 | D:4      | Bought a +3 vampiric broad axe for 348 gold pieces
  5118 | D:4      | Bought a scroll of teleportation for 36 gold pieces
  5118 | D:4      | Bought a scroll of fog for 24 gold pieces
  5244 | D:8      | Reached skill level 5 in Invocations
  5729 | D:8      | Noticed a two-headed ogre
  5735 | D:8      | Killed a two-headed ogre
  5735 | D:8      | Reached *** piety under Makhleb
  5735 | D:8      | Reached skill level 10 in Axes
  5850 | D:9      | Reached XP level 10. HP: 77/88 MP: 13/13
  6008 | D:9      | Found Xolitz's Weapon Shoppe.
  6028 | D:9      | Found a staircase to the Orcish Mines.
  6118 | D:9      | Reached skill level 11 in Axes
  6219 | D:9      | Noticed Gastronok
  6249 | D:9      | Killed Gastronok
  6263 | D:9      | Noticed a glowing orange brain
  6288 | D:9      | Killed a glowing orange brain
  6288 | D:9      | Reached XP level 11. HP: 97/97 MP: 14/14
  6291 | D:9      | Noticed a deep elf archer
  6334 | D:9      | Killed a deep elf archer
  6334 | D:9      | Reached skill level 12 in Axes
  6403 | D:9      | Noticed a centaur warrior
  6411 | D:9      | Killed a centaur warrior
  6442 | D:9      | Found a shattered altar of Ashenzari.
  6444 | D:9      | Found a basalt altar of Yredelemnul.
  6447 | D:9      | Noticed a tengu warrior
  6480 | D:9      | Killed a tengu warrior
  6480 | D:9      | Reached **** piety under Makhleb
  6929 | D:10     | Entered Level 10 of the Dungeon
  6936 | D:10     | Found a staircase to the Lair.
  7202 | D:10     | Noticed a two-headed ogre
  7210 | D:10     | Killed a two-headed ogre
  7690 | D:11     | Reached skill level 10 in Armour
  7703 | D:11     | Reached skill level 10 in Shields
  7706 | D:11     | Reached skill level 13 in Axes
  7731 | D:11     | Reached ***** piety under Makhleb
  7731 | D:11     | Reached skill level 10 in Fighting
  7999 | D:11     | Noticed Psyche
  8007 | D:11     | Killed Psyche
  8007 | D:11     | Reached XP level 12. HP: 106/106 MP: 16/16
  8215 | D:12     | Noticed a two-headed ogre
  8222 | D:12     | Killed a two-headed ogre
  8442 | D:12     | Got a faintly humming scale mail
  8453 | D:12     | Identified the cursed +0 scale mail of Inquiry {+Fly rElec
                  | rF- Str+4} (You found it on level 12 of the Dungeon)
  8535 | D:12     | Reached skill level 14 in Axes
  8793 | D:12     | Noticed Sonja
  8817 | D:12     | Killed Sonja
  9231 | D:13     | Noticed a two-headed ogre
  9238 | D:13     | Killed a two-headed ogre
  9668 | D:13     | Noticed Erolcha
  9693 | D:13     | Killed Erolcha
 10590 | D:14     | Reached XP level 13. HP: 116/116 MP: 18/18
 10734 | D:14     | Reached skill level 15 in Axes
 10988 | D:14     | Found a gate to the Vaults.
 11044 | D:14     | Found Vesusaot's Book Shoppe.
 11397 | D:14     | Noticed Josephine
 11412 | D:14     | Killed Josephine
 11674 | D:15     | Entered Level 15 of the Dungeon
 11968 | D:15     | Slain by an eight-headed hydra

Levels and vault maps discovered:
D:1:      dpeg_cavernosity, layout_basic
D:2:      layout_basic, overflow_temple_1_default, lemuel_crystal_altar,
          lemuel_coloured_pillars_altar, first_ration, uniq_jessica
D:3:      layout_basic, led_sif_pool, lemuel_crystal_altar, serial_rivers,
          chequers_serial_rivers_micro_e, chequers_serial_rivers_small_b,
          chequers_serial_rivers_micro_e, chequers_serial_rivers_room_a,
          gammafunk_ghost_smash, uniq_crazy_yiuf_cottage
D:4:      layout_loops_cross, marbit_many_paths, kennysheep_okawaru_gauntlet,
          serial_shops, shop
D:5:      kennysheep_six_static_rooms, layout_basic, minivault_25
D:6:      layout_loops_ring, nicolae_overflow_crystal_walls, serial_shops,
          nicolae_shop_behind_doors, minivault_27, solitary_fountain
D:7:      layout_rooms, lemuel_temple_firewalk_b, uniq_prince_ribbit1
D:8:      layout_basic
D:9:      layout_cave_pods, minmay_orc_entry_guard_dogs, serial_shops, shop,
          hangedman_fish_farm, jmf_multi_god_temple, uniq_gastronok
D:10:     layout_basic, dpeg_oklobed_lair
D:11:     layout_rooms, uniq_psyche
D:12:     layout_long_grid, minmay_diced_spiral, uniq_sonja
D:13:     layout_basic, uniq_erolcha
D:14:     layout_cave_pods, david_vaults_5, small_statue_intersection,
          serial_shops, shop, uniq_josephine
D:15:     grunt_enter_depths_magical_seal, layout_basic, minivault_27,
          amethyst_killhole, minmay_protected_statue

Skill      XL: |  1  2  3  4  5  6  7  8  9 10 11 12 13 |
---------------+----------------------------------------+-----
Axes           | 3 4 5 6 8 10 11 13 14 15 | 15.6
Fighting       | 4 5 6 8 9 10 11 | 11.8
Shields        | 4 5 6 8 9 10 11 | 11.8
Armour         | 4 5 6 8 9 10 11 12 | 12.0
Invocations    | 1 2 3 4 5 6 7 9 |  9.4

Action                   |  1- 3 |  4- 6 |  7- 9 | 10-12 | 13-15 || total
-------------------------+-------+-------+-------+-------+-------++-------
Melee: War axe           |    61 |    70 |   298 |       |       ||   429
       Headbutt          |     8 |    11 |    68 |   104 |    41 ||   232
       Broad axe         |       |       |    52 |   566 |   151 ||   769
Invok: Lesser Servant of |       |       |       |       |     3 ||     3
Evoke: Wand              |       |       |       |     2 |       ||     2
  Use: Scroll            |     2 |       |    11 |     7 |     5 ||    25
       Potion            |       |       |       |     1 |       ||     1
 Stab: Distracted        |       |       |       |     1 |       ||     1
  Eat: Chunk             |       |     4 |     6 |    28 |     4 ||    42
       Ration            |       |       |     2 |       |       ||     2
Armor: Scale mail        |    20 |     6 |       |       |       ||    26
       Chain mail        |       |    23 |   214 |   316 |   166 ||   719
Dodge: Dodged            |    18 |    18 |    82 |   148 |    56 ||   322
Block: Kite shield       |    36 |    37 |   236 |   344 |   108 ||   761

Table legend:
 A = Non-vault XP
 B = Vault XP
 C = Vault XP percentage of total XP
 D = Non-vault monster count
 E = Vault monster count
 F = Vault count percentage of total count
                 A         B        C        D         E       F
            +---------+---------+-------+---------+---------+-------
      Total |   33373 |   16710 |  33.4 |     323 |      40 |  11.0
            +---------+---------+-------+---------+---------+-------
        D:1 |      17 |       0 |   0.0 |       9 |       0 |   0.0
        D:2 |      11 |       0 |   0.0 |       7 |       0 |   0.0
        D:3 |      21 |       0 |   0.0 |       5 |       0 |   0.0
        D:4 |     504 |       0 |   0.0 |      20 |       0 |   0.0
        D:5 |     448 |     158 |  26.1 |      22 |       6 |  21.4
        D:6 |    1235 |       0 |   0.0 |      29 |       0 |   0.0
        D:7 |    1466 |       0 |   0.0 |      25 |       0 |   0.0
        D:8 |    1656 |       0 |   0.0 |      19 |       0 |   0.0
        D:9 |    2442 |    6461 |  72.6 |      29 |       9 |  23.7
       D:10 |    2710 |       0 |   0.0 |      33 |       0 |   0.0
       D:11 |    4307 |     454 |   9.5 |      34 |       1 |   2.9
       D:12 |    4260 |    2073 |  32.7 |      21 |       4 |  16.0
       D:13 |    7698 |    1032 |  11.8 |      35 |       1 |   2.8
       D:14 |    6595 |    6532 |  49.8 |      34 |      19 |  35.8
       D:15 |       3 |       0 |   0.0 |       1 |       0 |   0.0
            +---------+---------+-------+---------+---------+-------
